 Dungeon Sprint DCSS version 0.19-a0-1401-g902f63d (webtiles) character file.

1193 poirepourri the Fighter (level 8, -8/93 HPs)
             Began as a Deep Dwarf Fighter on Sept 4, 2016.
             Was an Initiate of Makhleb.
             Mangled by a deep troll (13 damage)
             ... in the Dungeon (Sprint I: "Red Sonja").
             The game lasted 00:02:18 (324 turns).

poirepourri the Fighter (Deep Dwarf Fighter)         Turns: 324, Time: 00:02:18

Health: -8/93      AC:  6    Str: 22    XL:     8   Next: 20%
Magic:  9/9        EV: 11    Int:  8    God:    Makhleb [......]
Gold:   702        SH:  9    Dex: 13    Spells: 0 memorised, 7 levels left

rFire  . . .     SeeInvis .     a - +0 war axe
rCold  . . .     Gourm    .     b - +0 scale mail
rNeg   . . .     Faith    .     c - +0 shield
rPois  .         Spirit   .     (no helmet)
rElec  .         Dismiss  .     (no cloak)
rCorr  .         Reflect  .     (no gloves)
MR     +....     Harm     .     (no boots)
Stlth  .......... NoTele   +    (no amulet)
                                (no ring)
                                (no ring)

@: non-regenerating
A: damage resistance, recharge devices, sense surroundings 1, slow regeneration
3
a: Device Recharging, Renounce Religion


You were in the Dungeon.
You worshipped Makhleb.
Makhleb was noncommittal.
You were not hungry.

You visited 1 branch You collected 702 gold pieces.

Inventory:

Hand Weapons
 a - a +0 war axe (weapon)
Armour
 b - a +0 scale mail (worn)
 c - a +0 shield (worn)
Wands
 e - a wand of heal wounds (4/9)
Scrolls
 l - a scroll of blinking
Potions
 d - a potion of might
 g - 3 potions of curing
 h - a potion of heal wounds
 i - a potion of haste
 j - 2 potions of magic
 k - a potion of berserk rage
Comestibles
 f - a bread ration


   Skills:
 + Level 12.4 Fighting
 + Level 10.4 Axes
 - Level 3.2 Armour
 + Level 7.4 Dodging
 - Level 3.2 Shields
 + Level 4.2 Evocations


You had 7 spell levels left.
You didn't know any spells.

Dungeon Overview and Level Annotations

Branches:
Dungeon (1/1)

Altars:
Cheibriados
Dithmenos
Elyvilon
Fedhas
Gozag
Hepliaklqana
Kikubaaqudgha
Makhleb
Nemelex Xobeh
Okawaru
Qazlal
Ru
Sif Muna
Trog
Uskayaw
Vehumet
Xom
Yredelemnul
Zin
The Shining One
Jiyva
Lugonu

Shops:
D [


Innate Abilities, Weirdness & Mutations

You are resistant to damage.
You can recharge devices by infusing magical energy.
You passively map a small area around you.
You do not regenerate.


Message History

You slice the deep troll!!
The deep troll is heavily wounded.
The deep troll bites you!! The deep troll claws you!
The deep troll barely misses you.
You hit the deep troll.
The deep troll is heavily wounded.
You block the deep troll's attack. The deep troll claws you!
You block the deep troll's attack.
You closely miss the deep troll.
The deep troll is heavily wounded.
The deep troll bites you!!
* * * LOW HITPOINT WARNING * * *
The deep troll claws you but does no damage.
You block the deep troll's attack.
You hit the deep troll but do no damage.
The deep troll is heavily wounded.
The deep troll bites you!
* * * LOW HITPOINT WARNING * * *
The deep troll claws you!
You die...

#..#####'#####'#__####
, +
#..####..#...#)#### *
+ #..#__####..##.# ,,
, * #..#_____##(#..+ ≈
#⌠⌠#_.∩..)(.(._# ,,*
####_..__##_.#'#* * ,
#_____###'#)#
#########.####+### * *
,, ,+...@T$.$$+ * +
#...####### , ###.###
, , * , #.#'#.#,,, , ,
, #.....# + #.)(..# ,
* , #######, , , ,, ,
, ,


You could see a deep troll.

Vanquished Creatures
  Sonja (D)
  A slime creature (D)
  Sigmund (D)
  A yak (D)
  An ogre (D)
  A jelly (D)
  Ijyb (D)
  2 ballistomycetes (D)
9 creatures vanquished.

Vanquished Creatures (others)
  2 giant spores (D)
2 creatures vanquished.

Grand Total: 11 creatures vanquished

Notes
Turn   | Place    | Note
-------+----------+-------------------------------------------
     0 | D        | poirepourri the Deep Dwarf Fighter began the quest for the Orb.
     0 | D        | Reached XP level 1. HP: 20/20 MP: 1/1
     2 | D        | Noticed Ijyb
    10 | D        | Killed Ijyb
    10 | D        | Reached skill level 5 in Fighting
    10 | D        | Reached skill level 1 in Dodging
    10 | D        | Reached XP level 2. HP: 32/32 MP: 2/2
    14 | D        | Noticed an ogre
    20 | D        | Killed an ogre
    20 | D        | Reached skill level 7 in Fighting
    20 | D        | Reached skill level 5 in Axes
    20 | D        | Reached XP level 3. HP: 24/44 MP: 3/3
    20 | D        | Reached XP level 4. HP: 29/52 MP: 4/4
    34 | D        | Noticed Sigmund
    53 | D        | Killed Sigmund
    53 | D        | Reached skill level 10 in Fighting
    53 | D        | Reached skill level 1 in Evocations
    53 | D        | Reached XP level 5. HP: 42/63 MP: 5/5
    69 | D        | Found a burning altar of Makhleb.
    69 | D        | Found a viscous altar of Jiyva.
    69 | D        | Found a shimmering altar of Xom.
    69 | D        | Found a corrupted altar of Lugonu.
    69 | D        | Noticed a slime creature
    81 | D        | Killed a slime creature
    81 | D        | Reached skill level 11 in Fighting
    81 | D        | Reached XP level 6. HP: 54/74 MP: 5/7
    84 | D        | Found a deep blue altar of Sif Muna.
    86 | D        | Found a radiant altar of Vehumet.
   107 | D        | Found Igofegh's Armour Emporium.
   107 | D        | Found an ancient bone altar of Kikubaaqudgha.
   107 | D        | Found a hazy altar of Hepliaklqana.
   107 | D        | Found a stormy altar of Qazlal.
   107 | D        | Found a hide-covered altar of Uskayaw.
   107 | D        | Found a blossoming altar of Fedhas.
   107 | D        | Found a bloodstained altar of Trog.
   107 | D        | Found an iron altar of Okawaru.
   107 | D        | Found a basalt altar of Yredelemnul.
   107 | D        | Found a glowing golden altar of the Shining One.
   107 | D        | Found a snail-covered altar of Cheibriados.
   107 | D        | Found a sacrificial altar of Ru.
   107 | D        | Found a glowing silver altar of Zin.
   107 | D        | Found a shadowy altar of Dithmenos.
   107 | D        | Found a white marble altar of Elyvilon.
   107 | D        | Noticed a yak
   108 | D        | Found an opulent altar of Gozag.
   117 | D        | Killed a yak
   117 | D        | Reached XP level 7. HP: 34/82 MP: 7/9
   131 | D        | Found a sparkling altar of Nemelex Xobeh.
   151 | D        | Became a worshipper of Makhleb the Destroyer
   183 | D        | Noticed Sonja
   247 | D        | Killed Sonja
   247 | D        | Reached skill level 12 in Fighting
   247 | D        | Reached skill level 10 in Axes
   247 | D        | Reached XP level 8. HP: 44/93 MP: 8/10
   318 | D        | Noticed a deep troll
   324 | D        | Mangled by a deep troll

Vault maps used:
D:        dungeon_sprint_1

Skill      XL: |  1  2  3  4  5  6  7 |
---------------+----------------------+-----
Fighting       | 5 7 10 11 12 | 12.4
Axes           | 3 5 7 8 9 10 | 10.4
Dodging        | 1 2 3 7 |  7.4
Evocations     | 1 2 4 |  4.2
Armour         | |  3.2
Shields        | |  3.2

Action                   |  1- 3 |  4- 6 |  7- 9 || total
-------------------------+-------+-------+-------++-------
Melee: War axe           |    12 |    31 |    41 ||    84
 Abil: Device Recharging |       |       |     2 ||     2
Evoke: Wand              |       |     3 |     6 ||     9
  Use: Potion            |       |       |     1 ||     1
       Scroll            |       |       |     1 ||     1
Armor: Scale mail        |     4 |     2 |    54 ||    60
Dodge: Dodged            |     3 |    10 |    45 ||    58
Block: Shield            |     4 |     6 |    60 ||    70
